 Dungeon Crawl Stone Soup version 0.19.5 (webtiles) character file.

4890 Kahsius the Grappler (level 10, -22/88 HPs)
             Began as a Troll Berserker on Mar 7, 2017.
             Was a High Priest of Trog.
             Annihilated by a hill giant
             ... wielding a +0 giant club
              (29 damage)
             ... on level 9 of the Dungeon on Mar 8, 2017.
             The game lasted 00:24:16 (5530 turns).

Kahsius the Grappler (Troll Berserker)              Turns: 5530, Time: 00:24:17

Health: -22/88     AC:  7    Str: 28    XL:     10   Next: 26%
Magic:  9/9        EV: 11    Int:  3    God:    Trog [*****.]
Gold:   241        SH:  0    Dex: 15    Spells: 0 memorised, 9 levels left

rFire  . . .     SeeInvis .       - Unarmed
rCold  . . .     Gourm    +     a - +2 animal skin
rNeg   . . .     Faith    .     (no shield)
rPois  .         Spirit   .     (helmet restricted)
rElec  .         Reflect  .     (no cloak)
rCorr  .         Harm     .     (gloves unavailable)
MR     .....                    (boots unavailable)
Stlth  ++........               (no amulet)
                                y - +4 ring of dexterity
                                r - +1 ring of slaying

@: about to teleport
A: unfitting armour, claws 3, fast metabolism 3, gourmand, regeneration 1,
shaggy fur 1, tough skin 2
a: Berserk, Trog's Hand, Brothers in Arms, Burn Spellbooks, Renounce Religion


You were on level 9 of the Dungeon.
You worshipped Trog.
Trog was extremely pleased with you.
You were full.

You visited 1 branch of the dungeon, and saw 9 of its levels.

You collected 528 gold pieces.
You spent 287 gold pieces at shops.

Inventory:

Armour
 a - a +2 animal skin (worn)
Jewellery
 g - an uncursed ring of poison resistance
 r - a +1 ring of slaying (left claw)
 t - an uncursed ring of see invisible {unknown}
 u - a +3 ring of evasion {unknown}
 y - a +4 ring of dexterity (right claw)
Wands
 E - a wand of iceblast (3/15)
Scrolls
 j - a scroll of enchant weapon
 m - 4 scrolls of remove curse
 n - a scroll of recharging
 o - 2 scrolls of noise
 z - 4 scrolls of teleportation
Potions
 c - 2 potions of flight
 f - 5 potions of curing
 h - a potion of cancellation
 l - 6 potions of agility
 v - 2 potions of invisibility
Comestibles
 b - 7 bread rations
 q - 4 meat rations
 s - a beef jerky
 B - 5 fruits
 C - a slice of pizza


   Skills:
 * Level 2.7 Fighting
 * Level 2.5 Dodging
 + Level 1.0 Stealth
 * Level 14.5 Unarmed Combat


You had 9 spell levels left.
You didn't know any spells.

Dungeon Overview and Level Annotations

Branches:
Dungeon (9/15)             Temple (0/1) D:4            Lair (0/6) D:8
    Orc: D:9-12

Altars:
Okawaru
Yredelemnul
The Shining One

Shops:
D:8 ?


Innate Abilities, Weirdness & Mutations

You are too large for most types of armour.
You have claws for hands.
Your metabolism is lightning-fast.
You like to eat raw meat.
Your natural rate of healing is unusually fast.
You are covered in fur. (AC +1)
You have very tough skin. (AC +2)


Message History

Items here: )) [[ an enchanted dire flail; a plate armour; a short sword; a leather armour
Found an escape hatch in the ceiling.
You see here a mace.
You open the door.
A bullfrog and a hill giant come into view.
There is an open door here.
A centaur warrior comes into view.
The hill giant shouts!
The bullfrog gives a loud, deep croak!
The centaur warrior shouts!
The hill giant hits you with a giant club!
* * * LOW HITPOINT WARNING * * *
The centaur warrior wields a shortbow.
The centaur warrior shoots an arrow.
The arrow hits you!
* * * LOW HITPOINT WARNING * * *
You see here an arrow.
As you read the scroll of teleportation, it crumbles to dust.
You feel strangely unstable.
The hill giant hits you with a giant club!!
You die...

#### ...## #####...#
........# ........#
........############.
####....#............
........).###'######
...........#.@.#
........#))#C..#
###..#..#..#...#
...##..#..#...# ####
#.<#..##F.#
#..#...#c.#
...#.#.#..#
##.#.#.##.+ #....#


You could see a hill giant, a centaur warrior and a bullfrog.

Vanquished Creatures
  The ghost of lanroth the Carver, a journeyman HOFi of Makhleb (D:9)
  A two-headed ogre (D:7)
  A spriggan (D:9)
  A human (D:6)
  Eustachio (D:5)
  A water moccasin (D:8)
  3 sky beasts
  5 orc warriors
  An ice beast (D:6)
  3 ogres (D:6)
  2 centaurs (D:5)
  A phantom (D:8)
  2 crocodiles (D:8)
  6 bullfrogs
  4 howler monkeys (D:7)
  3 crimson imps
  A centaur zombie (D:3)
  7 hounds
  A jelly (D:8)
  8 orc wizards
  3 bullfrog skeletons
  7 orc priests
  Jessica (D:2)
  Terence (D:2)
  An iguana (D:7)
  5 worker ants
  A hound zombie (D:9)
  A howler monkey zombie (D:5)
  10 adders
  6 river rats (D:8)
  A shadow imp (D:7)
  An ooze (D:1)
  2 adder skeletons (D:5)
  4 adder zombies
  2 worms (D:2)
  4 dart slugs
  3 leopard geckos
  34 orcs
  7 giant cockroaches
  9 goblins
  5 hobgoblins
  15 jackals
  7 kobolds
  3 quokkas
  A ball python (D:2)
  10 bats
  3 frilled lizards (D:1)
  A jackal zombie (D:6)
  A kobold skeleton (D:6)
  A leopard gecko skeleton (D:5)
  A quokka skeleton (D:4)
  16 rats
220 creatures vanquished.

Vanquished Creatures (others)
  3 fungi (D:8)
3 creatures vanquished.

Grand Total: 223 creatures vanquished

Notes
Turn   | Place    | Note
-------+----------+-------------------------------------------
     0 | D:1      | Kahsius the Troll Berserker began the quest for the Orb.
     0 | D:1      | Reached XP level 1. HP: 22/22 MP: 0/0
    80 | D:1      | Reached XP level 2. HP: 29/29 MP: 1/1
   298 | D:1      | Reached XP level 3. HP: 35/36 MP: 2/2
   342 | D:1      | Reached ** piety under Trog
   493 | D:2      | Noticed Terence
   498 | D:2      | Reached skill level 4 in Unarmed Combat
   505 | D:2      | Killed Terence
   612 | D:2      | Reached XP level 4. HP: 41/44 MP: 3/3
   665 | D:2      | Noticed Jessica
   673 | D:2      | Killed Jessica
   673 | D:2      | Reached skill level 5 in Unarmed Combat
  1040 | D:3      | Reached XP level 5. HP: 44/50 MP: 4/4
  1142 | D:3      | Reached skill level 6 in Unarmed Combat
  1145 | D:3      | Reached *** piety under Trog
  1147 | D:3      | Reached XP level 6. HP: 54/59 MP: 5/5
  1542 | D:4      | Found a glowing golden altar of the Shining One.
  1932 | D:4      | Found a staircase to the Ecumenical Temple.
  2012 | D:5      | Entered Level 5 of the Dungeon
  2023 | D:5      | Reached skill level 7 in Unarmed Combat
  2096 | D:5      | Reached skill level 1 in Stealth
  2096 | D:5      | Reached XP level 7. HP: 61/66 MP: 6/6
  2211 | D:5      | Reached skill level 8 in Unarmed Combat
  2430 | D:5      | Noticed Eustachio
  2493 | D:5      | Killed Eustachio
  2493 | D:5      | Reached skill level 9 in Unarmed Combat
  2543 | D:5      | Found an iron altar of Okawaru.
  2705 | D:5      | Reached XP level 8. HP: 62/74 MP: 7/7
  2915 | D:6      | Reached **** piety under Trog
  2917 | D:6      | Reached skill level 10 in Unarmed Combat
  3260 | D:6      | Found a runed door.
  3264 | D:6      | Found a basalt altar of Yredelemnul.
  3314 | D:6      | Reached skill level 11 in Unarmed Combat
  3758 | D:7      | Reached XP level 9. HP: 64/80 MP: 8/8
  3874 | D:7      | Reached skill level 12 in Unarmed Combat
  4349 | D:8      | Found a basalt altar of Yredelemnul.
  4429 | D:8      | Reached skill level 13 in Unarmed Combat
  4697 | D:8      | Reached ***** piety under Trog
  4735 | D:8      | HP: 4/80 [crocodile (8)]
  4941 | D:8      | Found a staircase to the Lair.
  5095 | D:8      | Found Lyqacane's Magic Scroll Emporium.
  5099 | D:8      | Bought a scroll of teleportation for 42 gold pieces
  5099 | D:8      | Bought a scroll of teleportation for 42 gold pieces
  5099 | D:8      | Bought a scroll of teleportation for 42 gold pieces
  5103 | D:8      | Bought a scroll of enchant armour for 105 gold pieces
  5127 | D:8      | Bought a scroll of identify for 28 gold pieces
  5127 | D:8      | Bought a scroll of identify for 28 gold pieces
  5240 | D:9      | Reached XP level 10. HP: 88/88 MP: 9/9
  5400 | D:9      | Noticed lanroth's ghost (journeyman HOFi)
  5417 | D:9      | Killed lanroth's ghost
  5417 | D:9      | Reached skill level 14 in Unarmed Combat
  5528 | D:9      | Noticed a hill giant
  5529 | D:9      | Noticed a centaur warrior
  5530 | D:9      | Annihilated by a hill giant

Skill      XL: |  1  2  3  4  5  6  7  8  9 10 |
---------------+-------------------------------+-----
Unarmed Combat | 4 5 6 7 9 11 13 14 | 14.5
Stealth        | 1 |  1.0
Fighting       | |  2.7
Dodging        | |  2.5

Action                   |  1- 3 |  4- 6 |  7- 9 | 10-12 || total
-------------------------+-------+-------+-------+-------++-------
Melee: Unarmed           |    74 |   156 |   380 |    34 ||   644
       Punch             |     1 |       |    17 |     3 ||    21
Invok: Berserk           |       |     1 |     3 |       ||     4
       Trog's Hand       |       |       |     2 |       ||     2
  Use: Potion            |       |     8 |     4 |       ||    12
       Scroll            |       |     5 |    13 |     1 ||    19
 Stab: Sleeping          |       |       |     2 |     1 ||     3
  Eat: Chunk             |    11 |    13 |    32 |     2 ||    58
Armor: Animal skin       |    29 |    57 |   142 |     7 ||   235
Dodge: Dodged            |    41 |    97 |   203 |     7 ||   348
